 Dungeon Crawl Stone Soup version 0.26-a0-1164-g1a551d6a14 (webtiles) character file.

Game seed: 8246488675675976845

19905 sokol815 the Carver (level 12, -8/72 HPs)
             Began as an Octopode Delver on Dec 23, 2020.
             Was an Initiate of Gozag.
             Killed from afar by a catoblepas (9 damage)
             ... with a blast of calcifying dust
             ... on level 3 of the Lair of Beasts.
             The game lasted 00:45:17 (15614 turns).

sokol815 the Carver (Octopode Delver)              Turns: 15614, Time: 00:45:18

Health: -8/72      AC:  1    Str: 12    XL:     12   Next: 73%
Magic:  15/21      EV: 23    Int: 16    God:    Gozag
Gold:   1111       SH: 13    Dex: 17    Spells: 1/11 levels left

rFire    . . .     SeeInvis +   a - +4 scimitar (freeze)
rCold    + . .     Faith    .   M - +3 buckler
rNeg     . . .     Spirit   .   (helmet restricted)
rPois    .         Reflect  +   C - amulet of reflection
rElec    .         Harm     .   h - ring of willpower
rCorr    .         Rampage  .   q - ring of protection from cold {rC+, !d}
Will     +....     Rnd*Tele +   D - ring "Weptywn" {Int+3 SInv Stlth+}
Stlth    ++++++....             P - ring of magical power {MP+9}
HPRegen  0.22/turn              (no ring)
MPRegen  0.17/turn              (no ring)
                                (no ring)
                                (no ring)

@: no status effects
A: almost no armour, stealthy swim, amphibious, 8 rings, constrict 8, repulsion
field 1, camouflage 1, teleportitis 1, wild magic 1, gelatinous body 1
a: Renounce Religion, Potion Petition, Call Merchant, Bribe Branch


You were on level 3 of the Lair of Beasts.
You worshipped Gozag.
Gozag was most pleased with you.
You visited 3 branches of the dungeon, and saw 14 of its levels.

You collected 2389 gold pieces.
You spent 1175 gold pieces at shops.
You paid 103 gold pieces to Gozag.

Inventory:

Hand Weapons
 a - a +4 scimitar of freezing (weapon)
   (You took it off a wight on level 6 of the Dungeon)
 b - a +4 dagger
   (You took it off a goblin on level 3 of the Dungeon)
 c - a +6 hand crossbow of flaming
   (You bought it in a shop on level 10 of the Dungeon)
 z - a +0 trident
   (You found it on level 4 of the Dungeon)
 X - the +8 morningstar of the Endless Expanse {vorpal, rC+ Will+ Str+6}
   (You found it on level 1 of the Lair of Beasts)

   It inflicts extra damage upon your enemies.
   It affects your strength (+6).
   It protects you from cold.
   It affects your willpower, your defense against some magical effects.
Missiles
 i - 4 throwing nets {=f, !d}
 r - 289 stones
 B - 42 poisoned darts
 O - 8 javelins {=f}
 Q - 55 bolts
Armour
 M - a +3 buckler (worn)
   (You bought it in a shop on level 4 of the Dungeon)
Magical Staves
 R - an uncursed staff of cold {unknown}
   (You found it on level 9 of the Dungeon)
Jewellery
 h - a ring of willpower (left tentacle)
   (You found it on level 3 of the Dungeon)
 q - a ring of protection from cold (right tentacle) {rC+, !d}
   (You found it on level 4 of the Dungeon)
 x - an uncursed ring of ice {rC+, rF-}
   (You took it off Fannar on level 2 of the Lair of Beasts)
 C - an amulet of reflection (around mantle)
   (You found it on level 7 of the Dungeon)
 D - the ring "Weptywn" (on tentacle) {Int+3 SInv Stlth+}
   (You bought it in a shop on level 5 of the Dungeon)

   [ring of stealth]

   It affects your intelligence (+3).
   It lets you see invisible.
   It makes you more stealthy.
 E - an uncursed amulet of guardian spirit {Spirit}
   (You found it on level 2 of the Lair of Beasts)
 I - an uncursed ring of fire {rF+, rC-}
   (You found it on level 6 of the Dungeon)
 P - a ring of magical power (on tentacle) {MP+9}
   (You found it on level 8 of the Dungeon)
Wands
 f - a wand of digging (8)
 l - a wand of disintegration (13)
   (You found it on level 2 of the Lair of Beasts)
 A - a wand of acid (9)
   (You found it on level 8 of the Dungeon)
 F - a wand of flame (17)
   (You found it on level 3 of the Lair of Beasts)
 J - a wand of random effects (21)
   (You found it on level 6 of the Dungeon)
 K - a wand of polymorph (14)
   (You found it on level 6 of the Dungeon)
 T - a wand of iceblast (3)
   (You found it on level 10 of the Dungeon)
Scrolls
 d - 3 scrolls of fear
 j - 4 scrolls of fog
 m - 2 scrolls of identify
 n - 2 scrolls of enchant armour
 p - 4 scrolls of teleportation
 s - 4 scrolls of remove curse
 y - a scroll of torment {unknown}
 S - 2 scrolls of magic mapping {!r}
 U - a scroll of holy word {unknown}
 W - a scroll of amnesia
Potions
 e - 3 potions of haste
 g - 6 potions of flight
 k - 3 potions of curing
 o - 4 potions of might
 t - 2 potions of mutation {!q}
 u - a potion of lignification {!q}
 v - 4 potions of resistance
 w - a potion of cancellation
 H - 2 potions of brilliance
 L - 2 potions of attraction {!q}
 N - 2 potions of ambrosia
 Z - a potion of berserk rage {!q}
Miscellaneous
 V - a phial of floods
   (You found it on level 10 of the Dungeon)
 Y - a lightning rod (4/4)
   (You found it on level 1 of the Lair of Beasts)


   Skills:
 - Level 3.0 Fighting
 - Level 4.5(8.5) Short Blades
 + Level 11.0(11.3) Long Blades
 * Level 7.6 Crossbows
 + Level 10.9 Dodging
 + Level 9.2 Stealth
 - Level 4.0 Shields
 - Level 3.9 Hexes
 + Level 8.1 Summonings
 + Level 0.1 Air Magic


You had one spell level left.
You knew the following spells:

 Your Spells              Type           Power        Failure   Level
a - Confusing Touch       Hex            16%          22%         3
b - Summon Lightning Spi  Summ/Air       17%          52%         4
c - Call Canine Familiar  Summ           33%          4%          3

Your spell library contained the following spells:

 Spells                   Type           Power        Failure   Level
 Summon Small Mammal      Summ           100%         1%          1
 Call Imp                 Summ           33%          2%          2
 Summon Guardian Golem    Hex/Summ       25%          10%         3
 Poisonous Vapours        Pois/Air       0%           45%         2
 Summon Ice Beast         Ice/Summ       16%          52%         4
 Conjure Flame            Conj/Fire      0%           67%         3
 Gell's Gravitas          Tloc           0%           67%         3
 Mephitic Cloud           Conj/Pois/Air  0%           67%         3
 Petrify                  Tmut/Erth      0%           96%         4
 Metabolic Englaciation   Hex/Ice        4%           98%         5
 Yara's Violent Unravell  Hex/Tmut       4%           98%         5
 Freezing Cloud           Conj/Ice/Air   0%           100%        6


Dungeon Overview and Level Annotations

Branches:
Dungeon (10/15)            Temple (1/1) D:7            Lair (3/6) D:10
 Shoals (0/4) Lair:2       Spider (0/4) Lair:2          Orc (0/2) D:10

Altars:
Ashenzari
Cheibriados
Dithmenos
Elyvilon
Fedhas
Gozag
Hepliaklqana
Kikubaaqudgha
Makhleb
Nemelex Xobeh
Okawaru
Qazlal
Ru
Sif Muna
Trog
Uskayaw
Vehumet
Wu Jian
Xom
Yredelemnul
Zin
The Shining One

Shops:
D:4 =[*(   D:5 =   D:10 (

Annotations:
D:3 exclusion: downstairs
D:8 exclusion: jelly
Lair:2 3 exclusions


Innate Abilities, Weirdness & Mutations

You cannot wear most types of armour.
You are very stealthy in the water. (Stealth+)
You are amphibious.
You can wear up to eight rings at the same time.
You can use your tentacles to constrict eight enemies at once.
Your skin changes colour to match your surroundings (Stealth+).
Your rubbery body absorbs attacks. (AC +1, EV +1)
You are surrounded by a mild repulsion field. (EV +2)
You are occasionally teleported next to monsters.
Your spells are a little harder to cast, but a little more powerful.


Message History

You see here a glaive.
Your hound cocks its head sideways at you.
You swap places.
Your hound disappears in a puff of smoke!
There is a stone staircase leading down here.
A water moccasin comes into view.
MP restored: 21 You shoot a bolt.
The bolt hits the water moccasin!
The bolt burns the water moccasin.
The water moccasin hisses angrily.
You now have 18/21 mp.
You shoot a bolt. The bolt hits the water moccasin!
The bolt burns the water moccasin.
Your hound bites the water moccasin.
The water moccasin dies!
You now have 1111 gold pieces (gained 9).
There is a shaft here.
Q - 60 bolts (gained 1)
Your hound disappears in a puff of smoke!
A catoblepas comes into view.
MP restored: 21 You now have 18/21 mp.
You shoot a bolt.
The bolt hits the catoblepas but does no damage.
The catoblepas bellows!
You shoot a bolt. The bolt hits the catoblepas.
The bolt burns the catoblepas.
Your wolf bites the catoblepas.
Your wolf bites the catoblepas but does no damage.
A wyvern comes into view.
You shoot a bolt. The bolt hits the catoblepas.
The bolt burns the catoblepas.
Your wolf bites the catoblepas but does no damage.
You shoot a bolt. The bolt hits the catoblepas.
The bolt burns the catoblepas.
Your wolf bites the catoblepas.
The wyvern bites your wolf.
You shoot a bolt. The bolt hits the catoblepas!
The bolt burns the catoblepas.
Your wolf bites the catoblepas but does no damage.
The wyvern barely misses your wolf.
Your +6 hand crossbow of flaming stops flaming.
Your +4 scimitar of freezing glows with a cold blue light!
a - a +4 scimitar of freezing (weapon)
Your wolf bites the catoblepas but does no damage.
The catoblepas misses you.
You hit the catoblepas but do no damage.
Your wolf bites the catoblepas but does no damage.
The wyvern bites your wolf! The catoblepas gores you!!
You take 27 damage, and have 45/72 hp.
MASSIVE DAMAGE!!
You slash the catoblepas! You freeze the catoblepas.
You squeeze the catoblepas, but do no damage.
Your wolf bites the catoblepas but does no damage.
The wyvern bites your wolf!
Your wolf dies!
Your wolf's corpse disappears in a puff of smoke!
The catoblepas completely misses you.
You now have 16/21 mp.
You completely miss the catoblepas.
You squeeze the catoblepas, but do no damage.
You block the catoblepas's attack. The wyvern closely misses you.
You riposte.
You slash the wyvern! You freeze the wyvern. You squeeze the wyvern.
You hit the catoblepas. You freeze the catoblepas. The catoblepas gores you!!
The wyvern misses you.
You take 23 damage, and have 22/72 hp.
MASSIVE DAMAGE!!
You hit the catoblepas but do no damage.
You squeeze the catoblepas, but do no damage.
Your hound bites the catoblepas.
The wyvern misses you. The catoblepas gores your hound!
You hit the catoblepas but do no damage.
Your hound bites the catoblepas but does no damage.
The wyvern barely misses you.
You riposte.
You slash the wyvern! You freeze the wyvern. Your squeeze misses the wyvern.
The catoblepas gores you!!
* * * LOW HITPOINT WARNING * * *
Your hound bites the catoblepas but does no damage.
You take 20 damage, and have 2/72 hp.
MASSIVE DAMAGE!!
As you read the scroll of fear, it crumbles to dust.
You assume a fearsome visage.
The wyvern looks frightened!
The catoblepas resists with some effort.
Your hound bites the catoblepas but does no damage.
The catoblepas gores your hound!
Your hound dies!
Your hound's corpse disappears in a puff of smoke!
The catoblepas bellows!
You feel better. You block the catoblepas's attack.
You regained 6 hp, and now have 8/72 hp.
You block the catoblepas's attack.
You now have 14/21 mp.
The catoblepas breathes a plume of calcifying dust at you.
The blast of calcifying dust hits your hound.
The blast of calcifying dust hits you!
* * * LOW HITPOINT WARNING * * *
You take 8 damage, and have 1/72 hp.
Cornered, the wyvern turns to fight!
Your hound is engulfed in calcifying dust.
Your hound is moving more slowly.
Your hound bites the catoblepas.
The catoblepas breathes a plume of calcifying dust at you.
The blast of calcifying dust hits your hound.
The blast of calcifying dust hits you!
You die...
Your body crumbles into a pile of gold.

#....###.####...###)...
#....########...####...
##...#.#..##.....# #...
####....###.....# ##..
#..§.# #.....## ##.
##.§.###......####.
##.§..##.......##P.
##P.§.##........##..
#..@§.###.#.#....##.
##.§§.# ###.#.....#.
#...h.# ##.......#
#.....Y.# #.....##.
#......(.# ##..... .
##........# .........
#.l...(.## ..........
##.#....# ....P#...##
###..... ....######


You could see a catoblepas, a wyvern and a friendly hound (summoned,
petrifying).

Vanquished Creatures
  Harold (D:7)
  2 hydras (Lair:2)
  Fannar (Lair:2)
  2 two-headed ogres (D:10)
  Joseph (D:10)
  3 black mambas
  A torpor snail (Lair:1)
  3 cane toads
  A komodo dragon (D:10)
  2 trolls (D:10)
  2 polar bears (Lair:2)
  7 blink frogs (Lair:2)
  2 dream sheep
  13 yaks
  2 redbacks (Lair:2)
  A spriggan (Lair:2)
  4 wyverns
  A basilisk (D:10)
  Grum (D:9)
  Menkaure (D:7)
  4 water moccasins
  A swamp drake (D:10)
  3 ice beasts
  A black bear (Lair:2)
  3 phantoms
  5 orc warriors
  A sky beast (D:10)
  8 ogres
  5 wolves
  6 centaurs
  A big kobold (D:10)
  Blork the orc (D:4)
  13 bullfrogs
  3 scorpions
  19 wights
  An electric eel (Lair:1)
  A centaur zombie (D:8)
  4 quasits
  2 bullfrog zombies (D:5)
  2 centaur skeletons (D:7)
  6 orc wizards
  2 orc priests
  3 jellies
  Jessica (D:2)
  2 bullfrog skeletons
  5 iguanas
  14 worker ants
  A worker ant zombie (D:5)
  2 howler monkey zombies
  11 adders
  A shadow imp (D:7)
  2 white imps (D:6)
  2 ufetubi
  An ooze (D:2)
  2 adder zombies
  2 worms
  2 dart slugs (D:1)
  6 leopard geckos
  21 orcs
  A ball python (D:1)
  4 giant cockroaches
  7 goblins
  6 hobgoblins
  A quokka (D:6)
  8 bats
  11 frilled lizards
  A jackal skeleton (D:7)
  10 kobolds
  7 rats
  A butterfly (D:6)
278 creatures vanquished.

Vanquished Creatures (collateral kills)
  A hydra (Lair:2)
  A basilisk (Lair:3)
  A water moccasin (Lair:3)
3 creatures vanquished.

Vanquished Creatures (others)
  9 fungi
  18 plants
27 creatures vanquished.

Grand Total: 308 creatures vanquished

Notes
Turn   | Place    | Note
-------+----------+-------------------------------------------
     0 | D:5      | sokol815 the Octopode Delver began the quest for the Orb.
     0 | D:5      | Reached XP level 1. HP: 16/16 MP: 1/1
    26 | D:4      | Found Zenit's Antique Armour Shop.
    26 | D:4      | Noticed a phantom
    37 | D:4      | Reached XP level 2. HP: 21/21 MP: 2/2
    40 | D:4      | Found Ixud's Weapon Shop.
    42 | D:4      | Noticed Blork the orc
   287 | D:3      | Reached XP level 3. HP: 26/26 MP: 3/3
   345 | D:3      | Found a shimmering blue altar of Sif Muna.
   564 | D:1      | Reached skill level 3 in Dodging
   670 | D:1      | Reached skill level 1 in Short Blades
  1188 | D:1      | Reached XP level 4. HP: 30/31 MP: 4/4
  1300 | D:1      | Gained mutation: You are occasionally teleported next to
                  | monsters. [potion of mutation]
  1300 | D:1      | Gained mutation: Your spells are a little harder to cast,
                  | but a little more powerful. [potion of mutation]
  1300 | D:1      | Gained mutation: You are surrounded by a mild repulsion
                  | field. (EV +2) [potion of mutation]
  2089 | D:2      | Noticed Jessica
  2099 | D:2      | Killed Jessica
  2100 | D:2      | Reached skill level 2 in Short Blades
  2506 | D:3      | Reached XP level 5. HP: 36/36 MP: 5/5
  2507 | D:3      | Reached skill level 4 in Dodging
  2507 | D:3      | Identified Sif Muna's Tome of Calling
  2708 | D:4      | Reached skill level 3 in Short Blades
  2839 | D:4      | Found a sparkling altar of Nemelex Xobeh.
  2867 | D:4      | Reached XP level 6. HP: 42/42 MP: 6/6
  2892 | D:4      | Killed Blork the orc
  2893 | D:4      | Reached skill level 4 in Short Blades
  2893 | D:4      | Reached skill level 5 in Dodging
  2904 | D:4      | Found Vatecwof's Assorted Antiques.
  2909 | D:4      | Bought a +0 long sword of protection for 86 gold pieces
  2971 | D:4      | Killed a phantom
  2972 | D:4      | Reached XP level 7. HP: 39/46 MP: 7/7
  3108 | D:4      | Bought a puce potion for 18 gold pieces
  3164 | D:4      | Found a hazy altar of Hepliaklqana.
  3288 | D:4      | Found Vaocoipn's Jewellery Shoppe.
  3458 | D:5      | Reached skill level 6 in Dodging
  3609 | D:5      | You fall into a shaft and drop 3 floors!
  3647 | D:7      | Noticed Menkaure
  3857 | D:7      | Reached skill level 3 in Long Blades
  3862 | D:7      | Reached skill level 7 in Dodging
  3862 | D:7      | Reached XP level 8. HP: 27/52 MP: 8/8
  4038 | D:7      | Reached skill level 4 in Long Blades
  4071 | D:7      | Noticed Harold
  4128 | D:7      | Learned a level 3 spell: Confusing Touch
  4130 | D:7      | Found a staircase to the Ecumenical Temple.
  4134 | D:7      | Killed Menkaure
  4145 | Temple   | Entered the Ecumenical Temple
  4172 | Temple   | Became a worshipper of Gozag Ym Sagoz the Greedy
  4219 | D:7      | Reached skill level 1 in Hexes
  4261 | D:7      | Found an ancient bone altar of Kikubaaqudgha.
  4307 | D:7      | Reached skill level 5 in Long Blades
  4349 | D:7      | Found a stormy altar of Qazlal.
  4351 | D:7      | Noticed a water elemental
  4351 | D:7      | Noticed an air elemental
  4555 | D:7      | Reached skill level 2 in Hexes
  4716 | D:7      | Killed Harold
  4717 | D:7      | Reached skill level 7 in Long Blades
  4717 | D:7      | Reached skill level 8 in Dodging
  4717 | D:7      | Reached skill level 3 in Hexes
  4717 | D:7      | Reached XP level 9. HP: 40/56 MP: 9/9
  5089 | D:5      | Learned a level 3 spell: Call Canine Familiar
  5290 | D:5      | Found Vayd Gih's Jewellery Emporium.
  5325 | D:5      | Reached skill level 1 in Summonings
  5820 | D:6      | Found an iron altar of Okawaru.
  5971 | D:6      | Reached skill level 2 in Summonings
  6081 | D:6      | Found a shimmering altar of Xom.
  6116 | D:6      | Reached skill level 8 in Long Blades
  6117 | D:6      | Reached skill level 3 in Summonings
  6580 | D:4      | Bought a glowing buckler for 187 gold pieces
  6697 | D:8      | Reached XP level 10. HP: 63/63 MP: 10/10
  6807 | D:7      | Reached skill level 9 in Dodging
  6923 | D:8      | Reached skill level 4 in Summonings
  7040 | D:8      | Found a blossoming altar of Fedhas.
  7040 | D:8      | Found a stormy altar of Qazlal.
  7463 | D:8      | Noticed a two-headed ogre
  7652 | D:9      | Reached skill level 9 in Long Blades
  7661 | D:9      | Reached skill level 1 in Shields
  7661 | D:9      | Reached skill level 5 in Summonings
  8144 | D:9      | Noticed Grum
  8151 | D:9      | Killed Grum
  8152 | D:9      | Reached skill level 2 in Shields
  8297 | D:9      | Found a broken altar of Ashenzari.
  8714 | D:5      | Bought the ring "Weptywn" {Int+3 SInv Stlth+} for 385 gold
                  | pieces
  8862 | D:5      | Found a bloodstained altar of Trog.
  8862 | D:5      | Found a white marble altar of Elyvilon.
  9251 | D:10     | Entered Level 10 of the Dungeon
  9385 | D:9      | Reached skill level 3 in Shields
  9704 | D:10     | Reached skill level 6 in Summonings
  9704 | D:10     | Reached XP level 11. HP: 51/67 MP: 11/11
  9740 | D:10     | Noticed a two-headed ogre
  9749 | D:10     | HP: 16/67 [two-headed ogre/+0 giant club (14)]
  9749 | D:10     | HP: 6/67 [two-headed ogre/+0 giant club (10)]
 10077 | D:10     | Found Wuakeumm's Weapon Shoppe.
 10085 | D:10     | Found a staircase to the Orcish Mines.
 10092 | D:10     | Bought a +5 hand crossbow of flaming for 499 gold pieces
 10306 | D:10     | Killed a two-headed ogre
 10307 | D:10     | Reached skill level 1 in Crossbows
 10307 | D:10     | Reached skill level 4 in Shields
 10408 | D:10     | Reached skill level 2 in Crossbows
 10412 | D:10     | Noticed a two-headed ogre
 10422 | D:10     | Killed a two-headed ogre
 10465 | D:10     | Reached skill level 10 in Long Blades
 10465 | D:10     | Reached skill level 3 in Crossbows
 10478 | D:10     | Noticed Joseph
 10550 | D:10     | Killed Joseph
 10551 | D:10     | Reached skill level 10 in Dodging
 10750 | D:10     | Found a staircase to the Lair.
 11152 | Lair:1   | Entered Level 1 of the Lair of Beasts
 11290 | Lair:1   | Reached skill level 4 in Crossbows
 11321 | Lair:1   | Learned a level 4 spell: Summon Lightning Spire
 11798 | Lair:1   | Reached skill level 7 in Summonings
 11967 | Lair:1   | Got a blackened morningstar
 12528 | Lair:1   | Reached skill level 7 in Stealth
 12528 | Lair:1   | HP: 12/67 [torpor snail (12)]
 12854 | Lair:2   | Reached skill level 5 in Crossbows
 12976 | Lair:2   | Noticed a five-headed hydra
 12989 | Lair:2   | Reached XP level 12. HP: 65/72 MP: 12/12
 12997 | Lair:2   | Identified the +8 morningstar of the Endless Expanse
                  | {vorpal, rC+ Will+ Str+6} (You found it on level 1 of the
                  | Lair of Beasts)
 13004 | Lair:2   | Killed a five-headed hydra
 13014 | Lair:2   | Reached skill level 6 in Crossbows
 13169 | Lair:2   | Found a staircase to the Shoals.
 13298 | Lair:2   | Reached skill level 8 in Stealth
 13334 | Lair:2   | Noticed Fannar
 13338 | Lair:2   | Killed Fannar
 13355 | Lair:2   | Noticed a seven-headed hydra
 13367 | Lair:2   | Killed a seven-headed hydra
 13415 | Lair:2   | Reached skill level 8 in Summonings
 13820 | Lair:2   | Found a hole to the Spider Nest.
 13846 | Lair:2   | Reached skill level 7 in Crossbows
 13855 | Lair:2   | HP: 18/72 [poisoned by a redback]
 13860 | Lair:2   | HP: 15/72 [poisoned by a redback]
 13865 | Lair:2   | HP: 12/72 [poisoned by a redback]
 13870 | Lair:2   | HP: 11/72 [poisoned by a redback]
 13875 | Lair:2   | HP: 10/72 [poisoned by a redback]
 13883 | Lair:2   | HP: 10/72 [poisoned by a redback]
 13899 | Lair:2   | Noticed a five-headed hydra
 14506 | Lair:2   | Killed a five-headed hydra
 14507 | Lair:2   | Reached skill level 9 in Stealth
 15205 | Lair:3   | Reached skill level 11 in Long Blades
 15594 | Lair:3   | Noticed a catoblepas
 15609 | Lair:3   | HP: 2/72 [catoblepas (20)]
 15614 | Lair:3   | Killed from afar by a catoblepas

Illustrated notes

Levels and vault maps discovered:
D:1:      dpeg_arrival_renting, layout_loops_cross
D:2:      layout_basic, uniq_jessica
D:3:      layout_basic, led_sif_book
D:4:      layout_rooms, nzn_hepliaklqana_mist_gate, lemuel_round_altar,
          serial_shops, shop, nicolae_shop_overgrown_old_shop, shop,
          nicolae_shop_behind_doors, uniq_blork_the_orc
D:5:      layout_gridville, nicolae_overflow_hidden_temple, serial_shops, shop
D:6:      layout_loops_corners, xom_butterflies, okawaru_ov_weapons_minmay
D:7:      layout_loops_cross, kennysheep_mini_moat, minmay_temple_entry_glass,
          nicolae_qazlal_style_of_elements, uniq_harold, uniq_menkaure
D:8:      layout_basic, grunt_temple_overflow_forces_of_nature, hex_tiny
D:9:      layout_loops_ring, marbit_many_paths, eino_tiny_chamber, uniq_grum
D:10:     layout_rooms, erik_lair_dragon, orc_david_3, uniq_joseph
Temple:   chequers_temple_sunken
Lair:1:   layout_cave_pods, lemuel_fruit_fields, serial_bayou_shore_a
Lair:2:   layout_regular_city, minmay_shoals_entry_centaurs,
          nicolae_spider_entry_tight_spaces, grunt_forest_stairs_clearing,
          uniq_fannar
Lair:3:   layout_cellular_growth, st_stairs_10

Skill      XL: |  1  2  3  4  5  6  7  8  9 10 11 12 |
---------------+-------------------------------------+-----
Dodging        | 3 4 5 7 8 9 10 | 10.9
Short Blades   | 1 2 3 4 |  4.5
Long Blades    | 3 7 8 9 10 11 | 11.0
Hexes          | 3 |  3.9
Summonings     | 3 6 7 8 |  8.1
Shields        | 3 4 |  4.0
Crossbows      | 5 7 |  7.6
Stealth        | 7 9 |  9.2
Fighting       | |  3.0
Air Magic      | |  0.1

Action                   |  1- 3 |  4- 6 |  7- 9 | 10-12 || total
-------------------------+-------+-------+-------+-------++-------
Melee: Falchion          |    10 |       |       |       ||    10
       Constrict         |    13 |     7 |    37 |    68 ||   125
       Dagger            |    49 |    67 |    26 |    12 ||   154
       Tentacles         |     6 |     9 |    49 |    78 ||   142
       Long sword        |       |     7 |   126 |       ||   133
       Scimitar          |       |       |    18 |   407 ||   425
       Morningstar       |       |       |       |    12 ||    12
 Fire: Hand crossbow     |       |       |       |    65 ||    65
Throw: Stone             |       |       |    16 |       ||    16
       Dart              |       |       |    16 |     6 ||    22
       Throwing net      |       |       |     3 |       ||     3
       Javelin           |       |       |       |     9 ||     9
 Cast: Call Canine Famil |       |       |       |     9 ||     9
Evoke: Wand              |     1 |     8 |    10 |     8 ||    27
  Use: Scroll            |     1 |     9 |     5 |    12 ||    27
       Potion            |       |     4 |     2 |     6 ||    12
 Stab: Sleeping          |    11 |    17 |    20 |    22 ||    70
       Distracted        |     1 |       |       |     3 ||     4
Armor: Skin              |     5 |     3 |    16 |    85 ||   109
Dodge: Dodged            |    27 |    25 |   123 |   235 ||   410
Block: Other             |       |       |    13 |       ||    13
       Buckler           |       |       |     1 |   270 ||   271
       Reflection        |       |       |       |    11 ||    11
       Rpst.: Falchion   |     4 |       |       |       ||     4
       Long sword        |       |       |    26 |       ||    26
       Scimitar          |       |       |     5 |    66 ||    71

Table legend: (Time is in decaauts)
 A = Elapsed time spent in this place.
 B = Non-inter-level travel time spent in this place.
 C = Inter-level travel time spent in this place.
 D = Time resting spent in this place.
 E = Time spent auto-exploring this place.
 F = Levels seen in this place.
 G = Mean time per level.
                   A        B        C        D        E       F      G
               +--------+--------+--------+--------+--------+-----+--------+
         Total |  15546 |  14172 |   1374 |   3979 |   7617 |  14 | 1110.4 |
       Dungeon |  11393 |  10246 |   1147 |   2446 |   5789 |  10 | 1139.3 |
        Temple |     49 |     27 |     22 |      0 |      7 |   1 |   49.0 |
          Lair |   4102 |   3897 |    205 |   1533 |   1821 |   3 | 1367.3 |
               +--------+--------+--------+--------+--------+-----+--------+

Top non-repeatable levels by time:
  Lair:2: 2084 daAuts
  Lair:1: 1678 daAuts
     D:9: 1675 daAuts
     D:7: 1559 daAuts
    D:10: 1538 daAuts
     D:6: 1170 daAuts
     D:1: 1159 daAuts
     D:5: 1145 daAuts
     D:8: 941 daAuts
     D:4: 763 daAuts
     D:3: 735 daAuts
     D:2: 704 daAuts
  Lair:3: 340 daAuts
  Temple: 49 daAuts

Table legend:
 A = Kills in this place as a percentage of kills in entire the game.
 B = Kills by you in this place as a percentage of kills by you in the entire game.
 C = Kills by friends in this place as a percentage of kills by friends in the entire game.
 D = Other kills in this place as a percentage of other kills in the entire game.
 E = Experience gained in this place as a percentage of experience gained in the entire game.
 F = Experience gained in this place divided by the number of levels of this place that you have seen.
                   A       B       C       D       E      F
               +-------+-------+-------+-------+-------+----------------------
         Total | 100.0 | 100.0 | 100.0 |   N/A | 100.0 | 2031.2
       Dungeon |  81.1 |  81.9 |   0.0 |   N/A |  49.4 | 1405.1
          Lair |  18.9 |  18.1 | 100.0 |   N/A |  50.6 | 4795.3
               +-------+-------+-------+-------+-------+----------------------
